 Dungeon Crawl Stone Soup version 0.31.0-11-ge490571c62 (webtiles) character file.

Game seed: 18087271473650432424

1667 BigPumpCobain the Ruffian (level 8, -1/79 HPs)
             Began as a Troll Fighter on Jan 27, 2024.
             Was a Follower of Wu Jian.
             Slain by a killer bee zombie (4 damage)
             ... on level 7 of the Dungeon.
             The game lasted 00:09:27 (5064 turns).

BigPumpCobain the Ruffian (Troll Fighter)           Turns: 5064, Time: 00:09:29

Health: -1/79      AC:  4    Str: 25    XL:     8   Next: 69%
Magic:  7/7        EV: 10    Int:  4    God:    Wu Jian [*.....]
Gold:   298        SH:  9    Dex: 11    Spells: 7/7 levels left

rFire   . .          .
                       - Unarmed
rCold   . . .        b - +0 kite shield
rNeg    . . .        a - +0 robe
rPois   .            (helmet restricted)
rElec   .            (no cloak)
rCorr   .            (gloves unavailable)
SInv    .            (boots unavailable)
Will    +....        (no amulet)
Stlth   +            g - ring of willpower
HPRegen 1.13/turn    (no ring)
MPRegen 0.10/turn

%: no passive effects
@: studying Staves
A: large, unfitting armour, claws 3, regeneration 1, shaggy fur 1, tough skin 1
a: Renounce Religion


You were on level 7 of the Dungeon.
You worshipped Wu Jian.
Wu Jian was aware of your devotion.
You visited 2 branches of the dungeon, and saw 8 of its levels.

You collected 298 gold pieces.

Inventory:

Armour
 a - a +0 robe (worn)
 b - a +0 kite shield (worn)
Jewellery
 c - a ring of magical power
 g - a ring of willpower (left claw)
Talismans
 e - a granite talisman
Scrolls
 d - a scroll of poison
 k - a scroll of teleportation
 m - 2 scrolls of fog
 o - a scroll of amnesia {unknown}
 q - 2 scrolls of immolation
 r - 2 scrolls of vulnerability {unknown}
 u - 2 scrolls of torment {unknown}
 v - a scroll of fear {unknown}
 w - a scroll of revelation {unknown}
Potions
 f - a potion of enlightenment {unknown}
 h - a potion of brilliance {unknown}
 i - 2 potions of resistance {unknown}
 j - 2 potions of haste {unknown}
 l - 2 potions of heal wounds {unknown}
 n - 3 potions of mutation {unknown}
 p - 3 potions of curing {unknown}
 s - a potion of magic {unknown}
 t - 3 potions of cancellation {unknown}


   Skills:
 + Level 4.8 Fighting
 + Level 4.7 Dodging
 + Level 5.2 Shields
 * Level 7.3 Unarmed Combat


You had 7 spell levels left.
You didn't know any spells.
Your spell library contained the following spells:

 Spells                   Type           Power      Damage    Failure   Level
 Apportation              Tloc           0%         N/A       75%         1
 Jinxbite                 Hex            0%         N/A       86%         2
 Alistair's Intoxication  Alch           0%         N/A       100%        5


Dungeon Overview and Level Annotations

Branches:
Dungeon (7/15)             Temple (1/1) D:4

Altars:
Ashenzari
Elyvilon
Fedhas
Gozag
Kikubaaqudgha
Makhleb
Nemelex Xobeh
Okawaru
Qazlal
Ru
Sif Muna
Trog
Uskayaw
Vehumet
Wu Jian
Xom
Zin

Shops:
D:1 *   D:5 !

Annotations:
Temple 2 transporters


Innate Abilities, Weirdness & Mutations

You are too large for most types of armour.
You have claws for hands.
Your natural rate of healing is unusually fast.
You are covered in fur. (AC +1)
You have tough skin. (AC +1)


Message History

You claw the wight!
You destroy the wight!
The Council accepts your kill.
The killer bee zombie closely misses you.
You block the killer bee zombie's attack.
The killer bee zombie hits you.
* * * LOW HITPOINT WARNING * * *
The killer bee zombie misses you.
You mangle the centaur zombie!!
You destroy the centaur zombie!
The Council accepts your kill.
You can now lightly attack monsters by moving around them.
The killer bee zombie hits you but does no damage.
You block the killer bee zombie's attack.
The killer bee zombie misses you. x2
You block the killer bee zombie's attack.
You closely miss the killer bee zombie.
The killer bee zombie is heavily damaged.
The killer bee zombie hits you.
* * * LOW HITPOINT WARNING * * *
You block the killer bee zombie's attack.
The killer bee zombie hits you.
* * * LOW HITPOINT WARNING * * *
The killer bee zombie hits you.
* * * LOW HITPOINT WARNING * * *
You spin and attack the killer bee zombie.
You mangle the killer bee zombie!!
The killer bee zombie is severely damaged.
You spin and attack the killer bee zombie.
You claw the killer bee zombie!
The killer bee zombie is almost destroyed.
The killer bee zombie closely misses you.
You block the killer bee zombie's attack. x2
The killer bee zombie closely misses you.
You spin and attack the killer bee zombie.
You closely miss the killer bee zombie.
The killer bee zombie is severely damaged.
The killer bee zombie barely misses you.
The killer bee zombie hits you.
You die...

#........#
#.....#..###
#.....8...
.###........
......8....#
....P.8..#
...........#
....##..Z..#
.......@Z<.#
........Z..#
...8.......#
.........###
..........
.##...#..##
.....##..
..... #..
.... ...


You could see 3 killer bee zombies.

Vanquished Creatures
  Grinder (D:5)
  2 water moccasins (D:6)
  2 black bears
  An ogre (D:6)
  A centaur (D:5)
  3 scorpions
  A wight (D:7)
  A centaur zombie (D:7)
  3 hounds
  An orc priest (D:4)
  A bombardier beetle (D:4)
  A gnoll bouda (D:5)
  2 jellies (D:5)
  2 iguanas (D:5)
  A sleepcap (D:4)
  10 gnolls
  9 adders
  2 shadow imps
  4 ufetubi
  3 dart slugs
  10 orcs
  6 bats
  7 endoplasms
  9 giant cockroaches
  14 goblins
  8 hobgoblins
  3 jackals (D:2)
  9 kobolds
  10 quokkas
  6 ball pythons
  4 frilled lizards
  5 rats
142 creatures vanquished.

Notes
Turn   | Place    | Note
-------+----------+-------------------------------------------
     0 | D:1      | BigPumpCobain the Troll Fighter began the quest for the
                  | Orb.
     0 | D:1      | Reached XP level 1. HP: 22/22 MP: 0/0
    73 | D:1      | Reached XP level 2. HP: 27/29 MP: 1/1
   506 | D:1      | Reached XP level 3. HP: 36/36 MP: 2/2
   536 | D:1      | Found Vyhomur's General Store.
  1065 | D:2      | Reached skill level 3 in Unarmed Combat
  1109 | D:2      | You fall into a shaft and drop 1 floor!
  1114 | D:3      | Noticed a +0 short sword
  1115 | D:3      | Noticed a +0 spear
  1115 | D:3      | Noticed a +0 falchion
  1115 | D:3      | Noticed a +0 short sword
  1116 | D:3      | Noticed a +0 falchion
  1116 | D:3      | Noticed a +0 spear
  1116 | D:3      | Noticed a +0 dagger
  1118 | D:3      | Noticed a +0 dagger
  1121 | D:3      | Found a hide-covered altar of Uskayaw.
  1138 | D:3      | Found a broken altar of Ashenzari.
  1145 | D:3      | Found a stormy altar of Qazlal.
  1463 | D:2      | Reached XP level 4. HP: 43/44 MP: 3/3
  1512 | D:2      | Found a faded altar of an unknown god.
  1997 | D:3      | Found a sacrificial altar of Ru.
  2263 | D:3      | Reached XP level 5. HP: 53/53 MP: 4/4
  2762 | D:4      | Reached skill level 4 in Unarmed Combat
  2793 | D:4      | Found a staircase to the Ecumenical Temple.
  2818 | D:5      | Entered Level 5 of the Dungeon
  2818 | D:5      | Noticed Grinder
  2819 | D:5      | Noticed a black bear
  2833 | D:4      | Reached XP level 6. HP: 29/61 MP: 5/5
  3556 | D:5      | Paralysed by Grinder for 3 turns
  3559 | D:5      | Killed Grinder
  3560 | D:5      | Reached skill level 5 in Unarmed Combat
  3560 | D:5      | Reached XP level 7. HP: 20/68 MP: 6/6
  3737 | D:5      | Reached skill level 6 in Unarmed Combat
  3805 | D:5      | Found Poirruj's Distillery.
  3993 | D:5      | Reached XP level 8. HP: 57/78 MP: 7/7
  4328 | D:6      | Found an iron altar of Okawaru.
  4361 | Temple   | Found a transporter.
  4361 | Temple   | Found a transporter.
  4361 | Temple   | Found a transporter.
  4361 | Temple   | Found a transporter.
  4361 | Temple   | Entered the Ecumenical Temple
  4375 | Temple   | Became a worshipper of the Wu Jian Council
  4582 | D:6      | Reached skill level 5 in Shields
  4626 | D:6      | Reached skill level 7 in Unarmed Combat
  4681 | D:6      | Found a bloodstained altar of Trog.
  5061 | D:7      | Reached * piety under Wu Jian
  5062 | D:7      | HP: 1/79 [killer bee zombie (4)]
  5064 | D:7      | Slain by a killer bee zombie

Illustrated notes

Levels and vault maps discovered:
D:1:      dpeg_arrival_stone_temple_mockup, layout_basic, serial_shops,
          nicolae_shop_back_alley_shop
D:2:      layout_rooms, basic_ecumenical_altar, hangedman_decor_points,
          grunt_ministairs_7, corexii_shack, chequers_garden,
          uniq_crazy_yiuf_cottage
D:3:      layout_basic, nicolae_uskayaw_en_pointe, nicolae_ru_awakened_eye,
          mainiacjoe_overflow_catwalk_spiral, gup_sewer_entry_spiral
D:4:      layout_gridville, minmay_temple_entry_proselytizer, minmay_manual_maat
D:5:      layout_cave_pods, serial_shops, shop, chequers_serial_rivers_micro_e,
          uniq_grinder
D:6:      layout_basic, trog_hazing_becter, okawaru_metal_pillars_1_2
D:7:      kennysheep_windowed_halls, layout_cave_pools, lemuel_crystal_altar,
          serial_undead, serial_undead_e, serial_undead_c, serial_undead_c,
          serial_undead_a, serial_undead_a, serial_undead_d, serial_undead_c,
          serial_undead_d
Temple:   hellmonk_temple_divided_pantheon

Skill      XL: |  1  2  3  4  5  6  7  8 |
---------------+-------------------------+-----
Shields        | 3 4 5 |  5.2
Unarmed Combat | 3 4 5 6 7 |  7.3
Fighting       | 3 4 |  4.8
Dodging        | 3 4 |  4.7

Action                     |  1- 3 |  4- 6 |  7- 9 || total
---------------------------+-------+-------+-------++-------
  Melee: Unarmed           |   134 |   213 |    97 ||   444
Ability: Lunge             |       |       |     4 ||     4
         Whirlwind         |       |       |     3 ||     3
    Use: Potion            |       |     1 |     1 ||     2
         Scroll            |       |       |     5 ||     5
   Stab: Sleeping          |       |     1 |       ||     1
 Armour: Robe              |    70 |   130 |   101 ||   301
  Dodge: Dodged            |    42 |    88 |    54 ||   184
  Block: Kite shield       |    48 |   115 |    64 ||   227
